 Dungeon Crawl Stone Soup version 0.31-a0-152-g6aa68a64a1 (webtiles) character file.

Game seed: 16098602193719298401

299 qw the Shooter (level 6, 0/56 HPs)
             Began as a Naga Hunter on June 9, 2023.
             Slain by Grinder (1 damage)
             ... on level 4 of the Dungeon.
             The game lasted 00:01:18 (2959 turns).

qw the Shooter (Naga Hunter)                        Turns: 2959, Time: 00:01:19

Health: 0/56       AC:  9    Str: 19    XL:     6   Next: 36%
Magic:  6/6        EV:  8    Int:  9    God:
Gold:   47         SH:  0    Dex: 17    Spells: 5/5 levels left

rFire   . . .        Y - +1 shortbow
rCold   . . .        (shield currently unavailable)
rNeg    . . .        c - +0 leather armour
rPois   +            (no helmet)
rElec   .            (no cloak)
rCorr   .            m - +1 pair of gloves
SInv    +            f - +0 barding
Will    +....        (no amulet)
Stlth   ++           i - +6 ring of strength
HPRegen 0.29/turn    k - ring of Etsol {Will+ SInv}
MPRegen 0.10/turn

%: no passive effects
@: very slow
A: AC +2, large, see invisible, deformed body, poison resistance, slowness 2,
spit poison 1, naga tail 1
a: Spit Poison


You were on level 4 of the Dungeon.
You visited 1 branch of the dungeon, and saw 4 of its levels.

You collected 209 gold pieces.
You spent 162 gold pieces at shops.


Innate Abilities, Weirdness & Mutations

Your serpentine skin is tough. (AC +2)
You have supernaturally acute eyesight. (SInv)
Armour fits poorly on your strangely shaped body.
Your system is resistant to poisons. (rPois)
You cover ground very slowly.
You can spit poison.
You have a snake-like lower body.


   Skills:
 + Level 3.0 Fighting
 - Level 6.0 Ranged Weapons
 - Level 1.1 Armour
 - Level 2.1 Dodging
 - Level 1.5 Stealth


You had 5 spell levels left.
You didn't know any spells.
Your spell library was empty.

Inventory:

Hand Weapons
 Y - a +1 shortbow (weapon)
Armour
 c - a +0 leather armour (worn)
 f - a +0 barding (worn)
 m - a +1 pair of gloves (worn)
 o - the +1 robe "Mealyus" {+Inv rElec rPois}
   (You bought it in a shop on level 4 of the Dungeon)

   rElec:     It insulates you from electricity.
   rPois:     It protects you from poison.
   +Inv:      It lets you turn invisible.
Jewellery
 i - a +6 ring of strength (left hand)
 k - the ring of Etsol (right hand) {Will+ SInv}
   (You found it on level 2 of the Dungeon)

   [ring of see invisible]

   SInv:      It lets you see invisible.
   Will:      It increases your willpower.
Scrolls
 e - a scroll of poison {unknown}
 g - a scroll of identify
 n - 3 scrolls of amnesia {unknown}
 q - a scroll of vulnerability {unknown}
Potions
 a - a potion of magic {unknown}
 b - a potion of resistance
 d - a potion of lignification {unknown}
 h - a potion of haste {unknown}
 j - 2 potions of curing {unknown}
 l - a potion of cancellation {unknown}
 p - 2 potions of heal wounds {unknown}
 r - a potion of degeneration {unknown}

Dungeon Overview and Level Annotations

Branches:
Dungeon (4/15)
 Temple: D:4-7

Altars:

Shops:
D:2 *   D:4 [

Annotations:
D:4 Grinder


Message History

Grinder is lightly wounded.
Grinder gestures at you. Pain shoots through your body!
You shoot an arrow. The arrow barely misses Grinder.
Grinder barely misses you.
You shoot an arrow. The arrow closely misses Grinder.
Grinder hits you.
You writhe in agony.
You shoot an arrow. The arrow barely misses Grinder.
Grinder blinks!
You shoot an arrow. The arrow barely misses Grinder.
Grinder closely misses you.
You shoot an arrow. The arrow closely misses Grinder.
Grinder hits you.
You writhe in agony.
You shoot an arrow. The arrow hits Grinder.
Grinder is lightly wounded.
Grinder barely misses you.
You shoot an arrow. The arrow hits Grinder!
Grinder is moderately wounded.
Grinder hits you.
You writhe in agony.
You shoot an arrow. The arrow barely misses Grinder.
Grinder hits you.
You writhe in agony.
You shoot an arrow. The arrow hits Grinder.
Grinder is moderately wounded.
Grinder barely misses you.
You shoot an arrow. The arrow closely misses Grinder.
Grinder hits you but does no damage.
You shoot an arrow. The arrow closely misses Grinder.
Grinder gestures at you.
You easily resist.
You shoot an arrow. The arrow closely misses Grinder.
Grinder hits you.
You writhe in agony.
Grinder gestures at you. You resist with almost no effort.
You shoot an arrow. The arrow hits Grinder.
Grinder is heavily wounded.
Grinder hits you.
You writhe in agony.
You shoot an arrow. The arrow hits Grinder.
Grinder is heavily wounded.
Grinder hits you.
You die...

######
############....##
#...............'.
#.##########....##
#.# ##..... #5#
#.#### #@# #.#
#........ #.####
######### #.....
######


You could see Grinder.

Vanquished Creatures
  A scorpion (D:3)
  An orc priest (D:4)
  An orc wizard (D:4)
  4 gnolls (D:3)
  5 adders
  A worm (D:2)
  4 dart slugs
  8 orcs
  A bat (D:2)
  10 endoplasms
  2 giant cockroaches
  8 goblins
  6 hobgoblins
  6 jackals
  2 quokkas (D:1)
  9 ball pythons
  7 frilled lizards
  7 kobolds
  7 rats
90 creatures vanquished.

Notes
Turn   | Place    | Note
-------+----------+-------------------------------------------
     0 | D:1      | qw the Naga Hunter began the quest for the Orb.
     0 | D:1      | Reached XP level 1. HP: 19/19 MP: 1/1
     0 | D:1      | 0 ||| qw: Version: 0.2-a-122-gbc61b45
     0 | D:1      | 0 ||| qw: Game counter: 3446
     0 | D:1      | 0 ||| qw: Always use a shield: true
     0 | D:1      | 0 ||| qw: God list: Okawaru
     0 | D:1      | 0 ||| qw: Allow faded altars: false
     0 | D:1      | 0 ||| qw: Do Orc after D:15 true
     0 | D:1      | 0 ||| qw: Do second Lair branch before Depths: true
     0 | D:1      | 0 ||| qw: Lair rune preference: random
     0 | D:1      | 0 ||| qw: Plans: Normal
     0 | D:1      | 0 ||| PLANNING D:1-11
    10 | D:1      | 10 ||| DROPPING scroll of butterflies.
    13 | D:1      | 13 ||| INVOKING Spit Poison.
    66 | D:1      | 66 ||| INVOKING Spit Poison.
    71 | D:1      | 71 ||| INVOKING Spit Poison.
    76 | D:1      | Reached skill level 4 in Ranged Weapons
    76 | D:1      | Reached XP level 2. HP: 17/26 MP: 2/2
   182 | D:1      | 182 ||| INVOKING Spit Poison.
   187 | D:1      | 187 ||| INVOKING Spit Poison.
   217 | D:1      | 217 ||| INVOKING Spit Poison.
   302 | D:1      | 302 ||| INVOKING Spit Poison.
   332 | D:1      | 332 ||| INVOKING Spit Poison.
   397 | D:1      | 397 ||| INVOKING Spit Poison.
   551 | D:1      | 551 ||| INVOKING Spit Poison.
   557 | D:1      | 557 ||| INVOKING Spit Poison.
   563 | D:1      | 563 ||| INVOKING Spit Poison.
   628 | D:1      | 628 ||| FLEEEEING.
   629 | D:1      | 629 ||| FLEEEEING.
   630 | D:1      | 630 ||| FLEEEEING.
   631 | D:1      | 631 ||| FLEEEEING.
   634 | D:1      | 634 ||| INVOKING Spit Poison.
   636 | D:1      | 636 ||| FLEEEEING.
   637 | D:1      | 637 ||| FLEEEEING.
   641 | D:1      | 641 ||| FLEEEEING.
   642 | D:1      | 642 ||| FLEEEEING.
   643 | D:1      | 643 ||| FLEEEEING.
   644 | D:1      | 644 ||| FLEEEEING.
   648 | D:1      | 648 ||| FLEEEEING.
   649 | D:1      | 649 ||| FLEEEEING.
   650 | D:1      | 650 ||| INVOKING Spit Poison.
   651 | D:1      | Reached XP level 3. HP: 29/32 MP: 3/3
   696 | D:1      | 696 ||| INVOKING Spit Poison.
   703 | D:1      | 703 ||| INVOKING Spit Poison.
   789 | D:1      | 789 ||| INVOKING Spit Poison.
   802 | D:1      | 802 ||| INVOKING Spit Poison.
   900 | D:1      | 900 ||| READING scroll labelled PADEQAFFOPUN.
   944 | D:2      | 944 ||| INVOKING Spit Poison.
   958 | D:2      | 958 ||| INVOKING Spit Poison.
   985 | D:2      | Found Seczoc's Assorted Antiques.
   987 | D:2      | 987 ||| INVOKING Spit Poison.
   990 | D:2      | 990 ||| INVOKING Spit Poison.
  1001 | D:2      | 1001 ||| BUYING bubbling amethyst potion (19 gold).
  1001 | D:2      | Bought a bubbling amethyst potion for 19 gold pieces
  1001 | D:2      | 1001 ||| BUYING bubbling white potion (19 gold).
  1001 | D:2      | Bought a bubbling white potion for 19 gold pieces
  1001 | D:2      | 1001 ||| SHOPLISTING runed hand crossbow (143 gold, have
                  | 27).
  1001 | D:2      | 1001 ||| BUYING scroll labelled PAZUVOSEMU (22 gold).
  1001 | D:2      | Bought a scroll labelled PAZUVOSEMU for 22 gold pieces
  1001 | D:2      | 1001 ||| SHOPLISTING sedimented sapphire potion (19 gold,
                  | have 5).
  1001 | D:2      | 1001 ||| SHOPLISTING slimy robe (125 gold, have 5).
  1026 | D:2      | 1026 ||| INVOKING Spit Poison.
  1048 | D:2      | 1048 ||| INVOKING Spit Poison.
  1106 | D:2      | 1106 ||| INVOKING Spit Poison.
  1110 | D:2      | 1110 ||| INVOKING Spit Poison.
  1130 | D:2      | 1130 ||| INVOKING Spit Poison.
  1222 | D:2      | 1222 ||| INVOKING Spit Poison.
  1228 | D:2      | 1228 ||| INVOKING Spit Poison.
  1233 | D:2      | Reached skill level 5 in Ranged Weapons
  1233 | D:2      | Reached XP level 4. HP: 22/39 MP: 4/4
  1382 | D:2      | 1382 ||| FLEEEEING.
  1383 | D:2      | 1383 ||| FLEEEEING.
  1384 | D:2      | 1384 ||| FLEEEEING.
  1385 | D:2      | 1385 ||| FLEEEEING.
  1386 | D:2      | 1386 ||| FLEEEEING.
  1387 | D:2      | 1387 ||| FLEEEEING.
  1419 | D:2      | Identified the ring of Etsol {Will+ SInv}
  1424 | D:2      | 1424 ||| INVOKING Spit Poison.
  1489 | D:2      | 1489 ||| UPGRADING to +0 barding.
  1494 | D:2      | 1494 ||| UPGRADING to +6 ring of strength.
  1495 | D:2      | 1495 ||| UPGRADING to ring of Etsol {Will+ SInv}.
  1496 | D:2      | 1496 ||| READING scroll labelled PAZUVOSEMU.
  1497 | D:2      | 1497 ||| READING 2 scrolls labelled HYBBEILL DIPN.
  1498 | D:2      | 1498 ||| READING scroll labelled QITIOXE ZAOF.
  1540 | D:3      | 1540 ||| INVOKING Spit Poison.
  1572 | D:3      | 1572 ||| Stepping ~*~*~tactically~*~*~ (outnumbered).
  1573 | D:3      | 1573 ||| INVOKING Spit Poison.
  1576 | D:3      | 1576 ||| Stepping ~*~*~tactically~*~*~ (outnumbered).
  1578 | D:3      | 1578 ||| INVOKING Spit Poison.
  1581 | D:3      | 1581 ||| INVOKING Spit Poison.
  1587 | D:3      | Reached skill level 3 in Fighting
  1587 | D:3      | 1587 ||| INVOKING Spit Poison.
  1594 | D:3      | 1594 ||| INVOKING Spit Poison.
  1599 | D:3      | 1599 ||| INVOKING Spit Poison.
  1599 | D:3      | HP: 7/42 [gnoll/+0 club (7)]
  1604 | D:3      | HP: 2/42 [jackal (2)]
  1605 | D:3      | 1605 ||| INVOKING Spit Poison.
  1607 | D:3      | Reached XP level 5. HP: 1/49 MP: 5/5
  1784 | D:3      | 1784 ||| INVOKING Spit Poison.
  1788 | D:3      | 1788 ||| INVOKING Spit Poison.
  1789 | D:3      | 1789 ||| INVOKING Spit Poison.
  1811 | D:3      | Found a faded altar of an unknown god.
  1822 | D:3      | 1822 ||| INVOKING Spit Poison.
  1826 | D:3      | 1826 ||| INVOKING Spit Poison.
  1827 | D:3      | Reached skill level 1 in Armour
  1881 | D:3      | 1881 ||| INVOKING Spit Poison.
  1906 | D:3      | 1906 ||| INVOKING Spit Poison.
  1909 | D:3      | 1909 ||| INVOKING Spit Poison.
  1914 | D:3      | 1914 ||| INVOKING Spit Poison.
  1919 | D:3      | 1919 ||| INVOKING Spit Poison.
  2026 | D:3      | 2026 ||| INVOKING Spit Poison.
  2039 | D:3      | 2039 ||| INVOKING Spit Poison.
  2062 | D:3      | 2062 ||| INVOKING Spit Poison.
  2171 | D:3      | 2171 ||| INVOKING Spit Poison.
  2193 | D:3      | 2193 ||| UPGRADING to +0 pair of gloves.
  2198 | D:3      | 2198 ||| READING scroll labelled VAUQUEGGIAHI.
  2201 | D:3      | 2201 ||| READING 2 scrolls labelled WACUDIDIPO.
  2202 | D:3      | 2202 ||| READING scroll of enchant armour.
  2202 | D:3      | 2202 ||| ENCHANTING +0 pair of gloves.
  2203 | D:3      | 2203 ||| READING scroll labelled FODAUG LIACEEGH.
  2204 | D:3      | 2204 ||| READING scroll labelled JOC PECZUAN.
  2205 | D:3      | 2205 ||| READING 3 scrolls of identify.
  2205 | D:3      | 2205 ||| IDENTIFYING blue potion
  2206 | D:3      | 2206 ||| READING 2 scrolls of identify.
  2206 | D:3      | 2206 ||| IDENTIFYING bubbling amethyst potion
  2207 | D:3      | 2207 ||| DROPPING potion of attraction.
  2268 | D:4      | 2268 ||| INVOKING Spit Poison.
  2285 | D:4      | 2285 ||| INVOKING Spit Poison.
  2290 | D:4      | 2290 ||| INVOKING Spit Poison.
  2294 | D:4      | 2294 ||| INVOKING Spit Poison.
  2297 | D:4      | Reached skill level 6 in Ranged Weapons
  2297 | D:4      | Reached XP level 6. HP: 51/56 MP: 6/6
  2300 | D:4      | 2300 ||| INVOKING Spit Poison.
  2304 | D:4      | 2304 ||| INVOKING Spit Poison.
  2397 | D:4      | 2397 ||| INVOKING Spit Poison.
  2431 | D:4      | Found Ejipn's Antique Armour Shoppe.
  2439 | D:4      | 2439 ||| SHOPLISTING runed scarf (144 gold, have 123).
  2439 | D:4      | 2439 ||| BUYING shadowed robe (102 gold).
  2439 | D:4      | Bought a shadowed robe for 102 gold pieces
  2439 | D:4      | Identified the +1 robe "Mealyus" {+Inv rElec rPois} (You
                  | bought it in a shop on level 4 of the Dungeon)
  2451 | D:4      | 2451 ||| INVOKING Spit Poison.
  2487 | D:4      | 2487 ||| INVOKING Spit Poison.
  2684 | D:4      | 2684 ||| INVOKING Spit Poison.
  2685 | D:4      | 2685 ||| INVOKING Spit Poison.
  2690 | D:4      | 2690 ||| INVOKING Spit Poison.
  2695 | D:4      | 2695 ||| INVOKING Spit Poison.
  2942 | D:4      | Noticed Grinder
  2957 | D:4      | HP: 11/56 [Grinder (4)]
  2958 | D:4      | HP: 1/56 [Grinder (6)]
  2959 | D:4      | Slain by Grinder

Levels and vault maps discovered:
D:1:      minmay_arrival_glassed_features, layout_basic, minmay_lizard_pond
D:2:      layout_rooms, serial_shops, nicolae_shop_stone
D:3:      layout_rooms, shapermc_ecumenical_altar_mp_highgroup,
          minmay_shallow_snake_nest
D:4:      layout_basic, serial_shops, shop, uniq_grinder

Skill      XL: |  1  2  3  4  5  6 |
---------------+-------------------+-----
Ranged Weapons | 4 5 6 |  6.0
Fighting       | 3 |  3.0
Armour         | 1 |  1.1
Dodging        | 2 |  2.1
Stealth        | |  1.5

Action                     |  1- 3 |  4- 6 || total
---------------------------+-------+-------++-------
   Fire: Shortbow          |    84 |   135 ||   219
Ability: Spit Poison       |    29 |    34 ||    63
    Use: Scroll            |     1 |    10 ||    11
 Armour: Leather armour    |     3 |    67 ||    70
  Dodge: Dodged            |     9 |    53 ||    62

Table legend:
 A = Non-vault XP
 B = Vault XP
 C = Vault XP percentage of total XP
 D = Non-vault monster count
 E = Vault monster count
 F = Vault count percentage of total count
                 A         B        C        D         E       F
            +---------+---------+-------+---------+---------+-------
      Total |     404 |      24 |   5.6 |      81 |       9 |  10.0
            +---------+---------+-------+---------+---------+-------
        D:1 |      41 |       3 |   6.8 |      22 |       3 |  12.0
        D:2 |      49 |       0 |   0.0 |      22 |       0 |   0.0
        D:3 |     194 |      21 |   9.8 |      22 |       6 |  21.4
        D:4 |     120 |       0 |   0.0 |      15 |       0 |   0.0
            +---------+---------+-------+---------+---------+-------
